 Dungeon Crawl Stone Soup version 0.27-a0-732-ga892ba84f6 (webtiles) character file.

Game seed: 17004089501919703445

44 porpoise the Magician (level 3, 0/25 HPs)
             Began as a Djinni Venom Mage on Mar 23, 2021.
             Slain by a gnoll
             ... wielding a +0 club
              (1 damage)
             ... on level 2 of the Dungeon.
             The game lasted 00:04:38 (1999 turns).

porpoise the Magician (Djinni Venom Mage)           Turns: 1999, Time: 00:04:39

Health: 0/25       AC:  5    Str:  8    XL:     3   Next: 60%
Magic:  0/0        EV: 12    Int: 16    God:
Gold:   54         SH:  0    Dex: 13    Spells: 0/9 levels left

rFire    + + .     SeeInvis .   a - +0 short sword
rCold    x . .     Faith    .   (no shield)
rNeg     . . .     Spirit   .   e - +0 robe
rPois    ∞         Reflect  .   (no helmet)
rElec    .         Harm     .   h - +0 cloak
rCorr    .         Rampage  .   i - +1 pair of gloves
Will     .....                  (boots unavailable)
Stlth    ++........             (no amulet)
HPRegen  0.08/turn              (no ring)
MPRegen  0.00/turn              (no ring)

@: flying
A: fire resistance 2, cold vulnerability 1, float, innate caster, hp casting,
extra vitality 1
a: no special abilities


You were on level 2 of the Dungeon.
You visited 1 branch of the dungeon, and saw 2 of its levels.

You collected 114 gold pieces.
You spent 60 gold pieces at shops.

Inventory:

Hand Weapons
 a - a +0 short sword (weapon)
Missiles
 g - 17 stones
Armour
 e - a +0 robe (worn)
 h - a +0 cloak (worn)
 i - a +1 pair of gloves (worn)
Scrolls
 b - 2 scrolls of identify
 c - a scroll of noise {unknown}
Potions
 d - a potion of curing
 f - a potion of mutation
 j - a potion of resistance
 k - 2 potions of flight {unknown}


   Skills:
 - Level 2.1 Dodging
 - Level 1.5 Stealth
 + Level 3.9 Spellcasting


You couldn't memorise any spells.
You knew the following spells:

 Your Spells              Type           Power      Damage    Failure   Level
a - Sting                 Tmut/Pois      60%        1d6       3%          1
b - Poisonous Vapours     Pois/Air       30%        N/A       5%          2
c - Mephitic Cloud        Conj/Pois/Air  15%        N/A       11%         3
d - Ignite Poison         Fire/Tmut/Pois 15%        N/A       11%         3
e - Olgreb's Toxic Radia  Pois           15%        N/A       34%         4
f - Magic Dart            Conj           60%        1d6       3%          1
Your spell library was empty.

Dungeon Overview and Level Annotations

Branches:
Dungeon (2/15)

Altars:

Shops:
D:2 ?


Innate Abilities, Weirdness & Mutations

You are immune to poison.
Your flesh is very heat resistant. (rF++)
You are vulnerable to cold. (rC-)
You float through the air rather than walking.
You learn spells naturally, not from books.
Your magical power is your life essence.
You have superior vitality. (+4 HP)


Message History

Confirm with . or Enter, or press ? or * to list all spells.
Aiming: Sting (safe; 3% risk of failure)
Press: ? - help, Shift-Dir - straight line, f/p - gnoll
Aim: a gnoll, wielding a +0 flail (severely wounded, 23% to evade)
The sting hits the gnoll.
The gnoll is poisoned.
You kill the gnoll!
Casting: Sting (safe; 3% risk of failure)
Confirm with . or Enter, or press ? or * to list all spells.
Aiming: Sting (safe; 3% risk of failure)
Press: ? - help, Shift-Dir - straight line, f - gnoll
Aim: a gnoll, wielding a +0 club (23% to evade)
The sting hits the gnoll.
The gnoll is poisoned.
The gnoll is lightly wounded.
You hit the gnoll.
The gnoll is moderately wounded.
The gnoll closely misses you.
You hit the gnoll but do no damage.
The gnoll is heavily wounded.
The gnoll hits you but does no damage.
You hit the gnoll but do no damage.
The gnoll is heavily wounded.
The gnoll misses you.
You hit the gnoll but do no damage.
The gnoll is heavily wounded.
The gnoll hits you with a +0 club.
* * * LOW HITPOINT WARNING * * *
Casting: Sting (safe; 3% risk of failure)
Confirm with . or Enter, or press ? or * to list all spells.
Aiming: Sting (safe; 3% risk of failure)
Press: ? - help, Shift-Dir - straight line, f/p - gnoll
Aim: a gnoll, wielding a +0 club (heavily wounded, poisoned, 23% to evade)
The sting hits the gnoll.
The gnoll looks even sicker.
The gnoll is almost dead.
* * * LOW HITPOINT WARNING * * *
The gnoll hits you with a +0 club.
* * * LOW HITPOINT WARNING * * *
You closely miss the gnoll.
The gnoll is almost dead.
The gnoll hits you with a +0 club.
You die...

..........#.....##.......
.....r.####.###....######
..r.....###.# #..#.# #... #..##.#
#....###.## ##.##.###..####..##
###### #.##.##........### #....##
#†[)....#.###..# #
#.##..###g#.÷###..# #..###
#.###..##@##..##.## #..... #.#
##.#..##.....####.#... #.#
#.#.##≈≈≈.....##.#.#. #.#
##...#†≈≈≈≈.##.##.#.#. #.#
#.....†.∩≈≈.##.#...... #.#
#.##..≈≈≈≈≈.##......#.
#.###.###.#≈≈≈.####.....#.
#.....###..#..####........
########..#####..............<...


You could see a gnoll (very poisoned).

Vanquished Creatures
  A gnoll (D:2)
  An adder (D:2)
  3 ball pythons
  A goblin (D:1)
  3 hobgoblins
  2 jackals (D:2)
  3 kobolds
  2 oozes (D:2)
  A quokka (D:1)
  3 bats (D:2)
  7 rats
27 creatures vanquished.

Vanquished Creatures (others)
  4 toadstools (D:1)
4 creatures vanquished.

Grand Total: 31 creatures vanquished

Notes
Turn   | Place    | Note
-------+----------+-------------------------------------------
     0 | D:1      | porpoise the Djinni Venom Mage began the quest for the Orb.
     0 | D:1      | Reached XP level 1. HP: 15/15 MP: 0/0
   312 | D:1      | Reached skill level 3 in Spellcasting
   431 | D:1      | Reached XP level 2. HP: 20/21 MP: 0/0
  1736 | D:2      | Found Xoyss's Magic Scroll Boutique.
  1753 | D:2      | Reached XP level 3. HP: 25/25 MP: 0/0
  1753 | D:2      | Learned a level 1 spell: Magic Dart
  1793 | D:2      | Bought a scroll of identify for 20 gold pieces
  1793 | D:2      | Bought a scroll of identify for 20 gold pieces
  1793 | D:2      | Bought a scroll of identify for 20 gold pieces
  1998 | D:2      | HP: 1/25 [gnoll/+0 club (4)]
  1999 | D:2      | Slain by a gnoll

Illustrated notes

Levels and vault maps discovered:
D:1:      ldierk_walled_garden_2, layout_loops_ring
D:2:      layout_rooms, serial_shops, nicolae_shop_waterfront

Skill      XL: |  1 |
---------------+----+-----
Spellcasting   | 3 |  3.9
Dodging        | |  2.1
Stealth        | |  1.5

Action                   || total
-------------------------++-------
Melee: Unarmed           ||     2
       Short sword       ||    46
 Cast: Sting             ||    26
  Use: Scroll            ||     3
 Stab: Sleeping          ||     2
Armor: Robe              ||    16
Dodge: Dodged            ||    31

Table legend: (Time is in decaauts)
 A = Elapsed time spent in this place.
 B = Non-inter-level travel time spent in this place.
 C = Inter-level travel time spent in this place.
 D = Time resting spent in this place.
 E = Time spent auto-exploring this place.
 F = Levels seen in this place.
 G = Mean time per level.
                   A        B        C        D        E       F      G
               +--------+--------+--------+--------+--------+-----+--------+
         Total |   2002 |   1990 |     12 |    856 |    872 |   2 | 1001.0 |
       Dungeon |   2002 |   1990 |     12 |    856 |    872 |   2 | 1001.0 |
               +--------+--------+--------+--------+--------+-----+--------+

Top non-repeatable levels by time:
     D:1: 1251 daAuts
     D:2: 751 daAuts
